 Dungeon Crawl Stone Soup version 0.30.1-11-g7821555f0a (webtiles) character file.

Game seed: 13334341387816699676

609 Okkudo the Chopper (level 7, 0/64 HPs)
             Began as a Hill Orc Monk on Dec 4, 2023.
             Slain by an ogre
             ... wielding a +0 giant spiked club
              (17 damage)
             ... on level 5 of the Dungeon.
             The game lasted 00:11:21 (3468 turns).

Okkudo the Chopper (Hill Orc Monk)                  Turns: 3468, Time: 00:11:21

Health: 0/64       AC: 17    Str: 16    XL:     7   Next: 43%
Magic:  7/7        EV: 10    Int: 13    God:
Gold:   288        SH:  0    Dex: 13    Spells: 6/6 levels left

rFire   . . .        f - +0 war axe
rCold   + . .        d - orb {light}
rNeg    . . .        m - +0 scale mail
rPois   .            l - +0 hat "Wyofoati" {rC+ Int+3}
rElec   .            (no cloak)
rCorr   .            (no gloves)
SInv    .            j - +2 pair of boots
Will    .....        (no amulet) Stlth
                     w - +4 ring of protection
HPRegen 0.30/turn    n - +4 ring of protection
MPRegen 0.10/turn

%: no passive effects
@: lethally poisoned (0 -> -4), about to teleport, glowing
A: no striking features
a: no special abilities


You were on level 5 of the Dungeon.
You visited 1 branch of the dungeon, and saw 5 of its levels.

You collected 288 gold pieces.

Inventory:

Hand Weapons
 b - a +0 scythe
 f - a +0 war axe (weapon)
 B - the +3 dagger of Satyriasis {elec, rN++}
   (You found it on level 4 of the Dungeon)

   rN:        It greatly protects you from negative energy.
Missiles
 z - 9 poisoned darts (quivered)
Armour
 d - an orb of light (worn)
 j - a +2 pair of boots (worn)
 l - the +0 hat "Wyofoati" (worn) {rC+ Int+3}
   (You found it on level 2 of the Dungeon)

   Int:       It affects your intelligence (+3).
   rC:        It protects you from cold.
 m - a +0 scale mail (worn)
Jewellery
 n - a +4 ring of protection (right hand)
 w - a +4 ring of protection (left hand)
 D - a +6 ring of intelligence
Wands
 A - a wand of flame (9)
Scrolls
 a - 2 scrolls of immolation
 e - 3 scrolls of teleportation
 k - a scroll of blinking {unknown}
 o - 2 scrolls of summoning
 p - a scroll of fog {unknown}
 s - a scroll of enchant weapon {unknown}
 u - 4 scrolls of vulnerability
 x - a scroll of noise {unknown}
 y - a scroll of magic mapping {unknown}
 E - a scroll of amnesia {unknown}
Potions
 c - 3 potions of ambrosia
 g - a potion of cancellation {unknown}
 i - a potion of curing {unknown}
 q - 5 potions of lignification {unknown}
 r - a potion of heal wounds {unknown}
 t - a potion of haste {unknown}
 v - a potion of flight {unknown}
 C - a potion of might {unknown}


   Skills:
 + Level 6.5 Fighting
 + Level 7.1 Axes
 + Level 4.4 Dodging


You had 6 spell levels left.
You didn't know any spells.
Your spell library contained the following spells:

 Spells                   Type           Power      Damage    Failure   Level
 Ignite Poison            Fire/Tmut/Pois 0%         N/A       98%         3
 Inner Flame              Hex/Fire       0%         N/A       98%         3
 Flame Wave               Conj/Fire      0%         2d4       100%        4
 Sticky Flame             Conj/Fire      0%         2d3       100%        4
 Ignition                 Fire           0%         3d3       100%        8


Dungeon Overview and Level Annotations

Branches:
Dungeon (5/15)
 Temple: D:4-7

Altars:
The Shining One

Annotations:
D:5 Menkaure


Message History

You slash the gnoll!
The gnoll is almost dead.
You slash the water moccasin! The water moccasin bites you.
The water moccasin closely misses you. The gnoll hits you but does no damage.
You hit the gnoll.
You kill the gnoll!
You barely miss the water moccasin.
The water moccasin completely misses you.
The water moccasin barely misses you. The adder barely misses you.
You hit the ogre.
The ogre is lightly wounded.
You closely miss the water moccasin. You slash the adder!
The water moccasin bites you.
The ogre hits you with a +0 giant spiked club!
The adder bites you but does no damage.
You barely miss the ogre.
The ogre is lightly wounded.
You slash the water moccasin! You hit the adder.
You kill the adder!
The water moccasin bites you.
You are poisoned.
The water moccasin poisons you!
An orc priest comes into view. It is wielding a +0 heavy mace.
The water moccasin bites you but does no damage.
The ogre hits you with a +0 giant spiked club!
The orc priest threatens, "By the altar or by the axe, you will meet Beogh!" (press Y on the ability menu to convert to Beogh)
As you read the scroll of teleportation, it crumbles to dust.
You feel strangely unstable.
The sentinel's mark upon you fades away.
You feel sick.
The water moccasin bites you but does no damage.
Menkaure, Prince of Dust comes into view.
A jackal comes into view.
You feel sick.
The water moccasin bites you but does no damage.
You see here a +0 ring mail.
The ogre attacks as you move away!
The ogre hits you with a +0 giant spiked club!
You die...

...#.......#
#.#....!..##
#.......$..#
#...h.....##
####....###.....
.)##l...# #####
#.##g#### #.##O######
#########.#MS@....#
#.......#.........#
###.#####.#.#.......#
#..<......#.#########
#.#.#.###.#.#
#.#.#.......#
#.#####.#####
#.....#.#
####.##.#####


You could see a water moccasin, an ogre, Menkaure, an iguana and a gnoll.

Vanquished Creatures
  Sigmund (D:2)
  3 hounds (D:4)
  A jelly (D:4)
  2 sleepcaps
  Jessica (D:3)
  An iguana (D:4)
  An orc wizard (D:3)
  7 gnolls
  5 adders
  A white imp (D:4)
  6 dart slugs
  8 orcs
  3 bats
  7 endoplasms
  6 giant cockroaches
  4 goblins
  6 hobgoblins
  7 kobolds
  4 quokkas
  7 ball pythons
  3 frilled lizards
  3 rats
87 creatures vanquished.

Notes
Turn   | Place    | Note
-------+----------+-------------------------------------------
     0 | D:1      | Okkudo the Hill Orc Monk began the quest for the Orb.
     0 | D:1      | Reached XP level 1. HP: 19/19 MP: 1/1
   315 | D:1      | Reached XP level 2. HP: 22/27 MP: 2/2
   503 | D:1      | You fall into a shaft and drop 1 floor!
   520 | D:2      | Reached XP level 3. HP: 31/33 MP: 3/3
   697 | D:2      | Identified the +0 hat "Wyofoati" {rC+ Int+3}
   730 | D:2      | Noticed Sigmund
   739 | D:2      | Killed Sigmund
   740 | D:2      | Reached skill level 5 in Fighting
   740 | D:2      | Reached skill level 5 in Axes
   740 | D:2      | Reached XP level 4. HP: 37/42 MP: 4/4
   740 | D:2      | Reached XP level 5. HP: 42/48 MP: 5/5
   924 | D:1      | Found a faded altar of an unknown god.
  1820 | D:3      | Found a glowing golden altar of the Shining One.
  1944 | D:3      | Noticed Jessica
  1962 | D:3      | Reached XP level 6. HP: 50/56 MP: 6/6
  1965 | D:3      | Reached skill level 6 in Axes
  1973 | D:3      | Killed Jessica
  2511 | D:4      | Identified the +3 dagger of Satyriasis {elec, rN++}
  2894 | D:4      | Reached XP level 7. HP: 60/63 MP: 7/7
  3318 | D:5      | Entered Level 5 of the Dungeon
  3450 | D:5      | Reached skill level 7 in Axes
  3466 | D:5      | Noticed Menkaure
  3468 | D:5      | Slain by an ogre

Illustrated notes

Levels and vault maps discovered:
D:1:      dpeg_arrival_round_a, layout_loops_corners,
          shapermc_ecumenical_altar_gd, amcnicky_mini_pool_small,
          chequers_serial_rivers_room_a, minmay_octomino_c4
D:2:      layout_loops_ring, minivault_23, uniq_sigmund
D:3:      layout_rooms, mainiacjoe_overflow_tiny_flanked,
          kennysheep_generic_room_14, uniq_jessica
D:4:      layout_gridville, minmay_crystal_room
D:5:      layout_basic, uniq_edmund, uniq_menkaure

Skill      XL: |  1  2  3  4  5  6  7 |
---------------+----------------------+-----
Fighting       | 4 5 6 |  6.5
Axes           | 5 6 7 |  7.1
Dodging        | 3 4 |  4.4

Action                     |  1- 3 |  4- 6 |  7- 9 || total
---------------------------+-------+-------+-------++-------
  Melee: War axe           |    49 |   130 |    52 ||   231
    Use: Scroll            |       |       |     5 ||     5
 Armour: Robe              |    17 |       |       ||    17
         Scale mail        |     1 |    69 |    30 ||   100
  Dodge: Dodged            |    29 |    74 |    30 ||   133
